 Dungeon Crawl Stone Soup version 0.24.1 (webtiles) character file.

Game seed: 9082658822744815567, levelgen mode: deterministic

122 Peloso the Shield-Bearer (level 4, 0/60 HPs)
             Began as a Minotaur Fighter on Mar 26, 2020.
             Slain by an orc
             ... wielding a +0 short sword
              (2 damage)
             ... on level 3 of the Dungeon.
             The game lasted 00:07:18 (1568 turns).

Peloso the Shield-Bearer (Minotaur Fighter)         Turns: 1568, Time: 00:07:19

Health: 0/60       AC:  7    Str: 25    XL:     4   Next: 78%
Magic:  3/3        EV:  8    Int:  5    God:
Gold:   157        SH: 10    Dex: 11    Spells: 3/3 levels left

rFire    . . .     SeeInvis .   a - +0 long sword
rCold    . . .     Gourm    .   c - +0 shield
rNeg     . . .     Faith    .   b - +0 scale mail
rPois    .         Spirit   .   (helmet restricted)
rElec    .         Reflect  .   (no cloak)
rCorr    .         Harm     .   (no gloves)
MR       .....                  (no boots)
Stlth    ..........             (no amulet)
HPRegen  0.20/turn              (no ring)
MPRegen  0.08/turn              (no ring)

@: berserking, lethally poisoned (0 -> -11), very quick
A: retaliatory headbutt, horns 2
a: no special abilities


You were on level 3 of the Dungeon.
You were very hungry.

You visited 1 branch of the dungeon, and saw 3 of its levels.

You collected 157 gold pieces.

Inventory:

Hand Weapons
 a - a +0 long sword (weapon)
Armour
 b - a +0 scale mail (worn)
 c - a +0 shield (worn)
Jewellery
 m - an uncursed ring of flight {unknown}
Wands
 s - a wand of enslavement (6)
Scrolls
 e - 2 scrolls of fog {unknown}
 g - a scroll of teleportation {unknown}
 i - a scroll of identify {unknown}
 j - 3 scrolls of blinking {unknown}
 l - a scroll of enchant armour {unknown}
 o - a scroll of random uselessness {unknown}
 p - a scroll of fear {unknown}
 r - a scroll of remove curse {unknown}
Potions
 d - a potion of might
 k - 2 potions of haste
 q - a potion of lignification {unknown}
Comestibles
 f - 10 rations


   Skills:
 + Level 4.1 Fighting
 + Level 3.5 Long Blades
 + Level 4.4 Armour
 + Level 1.3 Dodging
 + Level 0.1 Stealth
 + Level 4.9 Shields


You had 3 spell levels left.
You didn't know any spells.
Your spell library was empty.

Dungeon Overview and Level Annotations

Branches:
Dungeon (3/15)

Altars:
Cheibriados
Elyvilon


Innate Abilities, Weirdness & Mutations

You reflexively headbutt those who attack you in melee.
You have a pair of horns on your head.


Message History

* * * LOW HITPOINT WARNING * * *
The orc completely misses you. Something hits you.
* * * LOW HITPOINT WARNING * * *
You are lethally poisoned!
You block the orc priest's attack.
Your shield prevents you from hitting the orc priest.
The orc priest is lightly wounded.
* * * LOW HITPOINT WARNING * * *
You feel sick. You block the orc's attack.
The orc hits you with a +0 short sword.
* * * LOW HITPOINT WARNING * * *
You hear some strange, mumbled words.
A puff of flame appears from out of thin air!
The puff of flame hits you but does no damage.
The orc priest hits you but does no damage.
You slash the orc priest! You headbutt the orc priest.
You kill the orc priest!
* * * LOW HITPOINT WARNING * * *
You feel sick. The orc hits you with a +0 short sword.
You die...

##..#### ...
#.....##### ....
##..#.#... #
)...########....#.###.#
...:....).##.#........#
..........#......(..###
..........#.........#
......o...#.........#
.....{o@........#..(#
......)o....)†..#.###
###'###...........# #
#.........#.#
#.............
+.......#...###
#.......#...#
#..#####!...# #.. ..>##


You could see 3 orcs.

Vanquished Creatures
  A howler monkey (D:3)
  An orc priest (D:3)
  2 adders
  A worm (D:2)
  A leopard gecko (D:1)
  An orc (D:3)
  A giant cockroach (D:1)
  3 goblins
  5 hobgoblins
  6 kobolds
  2 quokkas
  5 bats
  4 frilled lizards
  4 rats
37 creatures vanquished.

Notes
Turn   | Place    | Note
-------+----------+-------------------------------------------
     0 | D:1      | Peloso the Minotaur Fighter began the quest for the Orb.
     0 | D:1      | Reached XP level 1. HP: 19/19 MP: 0/0
   245 | D:1      | Reached XP level 2. HP: 24/27 MP: 1/1
   985 | D:2      | Reached XP level 3. HP: 20/33 MP: 2/2
   986 | D:2      | Found a white marble altar of Elyvilon.
  1382 | D:2      | Found a snail-covered altar of Cheibriados.
  1506 | D:3      | Reached skill level 1 in Dodging
  1506 | D:3      | Reached XP level 4. HP: 35/40 MP: 3/3
  1567 | D:3      | HP: 3/60 [orc/+0 short sword (4)]
  1568 | D:3      | Slain by an orc

Levels and vault maps discovered:
D:1:      sevenhm_arrival_forest_fort_large_2, layout_loops_corners
D:2:      layout_rooms, nicolae_overflow_hidden_temple, first_ration,
          elyvilon_altar_5
D:3:      layout_basic, lemuel_doored_altar, old_standard_altar,
          chequers_ecumenical_altar_grove

Skill      XL: |  1  2  3 |
---------------+----------+-----
Shields        | 4 |  4.9
Armour         | 4 |  4.4
Fighting       | 4 |  4.1
Long Blades    | 3 |  3.5
Dodging        | 1 |  1.3
Stealth        | |  0.1

Action                   |  1- 3 |  4- 6 || total
-------------------------+-------+-------++-------
Melee: Long sword        |    89 |    18 ||   107
       Headbutt          |    10 |     5 ||    15
  Use: Potion            |     3 |     3 ||     6
  Eat: Chunk             |     1 |       ||     1
Armor: Scale mail        |    51 |     8 ||    59
Dodge: Dodged            |    36 |     6 ||    42
Block: Shield            |    47 |    17 ||    64
       Rpst.: Long sword |    12 |       ||    12
